[Event "Czech Juniors Girls 2024"]
[Site "Jaromerice nad Rokytnou"]
[Date "2024.03.10"]
[Round "1.1"]
[White "Fizerova, Lucie"]
[Black "Trasakova, Adela"]
[Result "1-0"]
[ECO "B13"]
[WhiteElo "1886"]
[BlackElo "1935"]
[Annotator "ChessBase"]
[PlyCount "53"]
[EventDate "2024.03.10"]
[EventType "tourn"]
[EventCountry "CZE"]
[SourceTitle "playchess.com"]
[Source "ChessBase"]
[SourceQuality "1"]
[WhiteTeam "Czech Republic"]
[BlackTeam "Czech Republic"]
[WhiteTeamCountry "CZE"]
[BlackTeamCountry "CZE"]
[TimeControl "40/5400+30:1800+30"]

1. e4 c6 2. d4 d5 3. exd5 cxd5 4. Bd3 Nc6 5. c3 Qc7 6. h3 Nf6 7. Nf3 g6 8. O-O Bf5 9. Be2 Bxb1 10. Rxb1 Bg7 11. Re1 O-O 12. Be3 a6 13. a4 Nd7 14. Qd2 Na5 15. Bf4 Qc8 16. b3 b6 17. Rec1 Qb7 18. c4 Rfc8 19. Ne5 Nxe5 20. dxe5 e6 21. Bf3 Qd7 22. Rd1 Ra7 23. cxd5 Rac7 24. Qe3 exd5 25. Bg4 Qe7 26. Bxc8 Rxc8 27. Rxd5 1-0

[Event "Czech Juniors Girls 2024"]
[Site "Jaromerice nad Rokytnou"]
[Date "2024.03.10"]
[Round "1.2"]
[White "Nagyova, Daniela"]
[Black "Voriskova, Anna"]
[Result "1-0"]
[ECO "B35"]
[WhiteElo "1927"]
[BlackElo "1999"]
[Annotator "RC"]
[PlyCount "89"]
[EventDate "2024.03.10"]
[EventType "tourn"]
[EventCountry "CZE"]
[SourceTitle "playchess.com"]
[Source "ChessBase"]
[SourceQuality "1"]
[WhiteTeam "Czech Republic"]
[BlackTeam "Czech Republic"]
[WhiteTeamCountry "CZE"]
[BlackTeamCountry "CZE"]
[TimeControl "40/5400+30:1800+30"]

1. e4 c5 2. Nf3 Nc6 3. Nc3 g6 4. d4 cxd4 5. Nxd4 Bg7 6. Be3 Nf6 7. Bc4 Qa5 8. O-O O-O 9. Bb3 a6 10. Re1 d6 11. h3 Qc7 12. Qd2 Na5 13. Nd5 Nxd5 14. exd5 Nxb3 15. axb3 e5 16. dxe6 fxe6 17. Bg5 Qc5 18. Be3 Qh5 19. Ra5 e5 20. Ne2 Qf5 21. Ng3 Qd7 22. Rd5 Qf7 23. Rxd6 Be6 24. Ne4 Bf5 25. Ng5 Qc7 26. Qd5+ Kh8 27. c4 h6 28. Ne6 Bxe6 29. Rxe6 Kh7 30. Rd6 b5 31. Rd7 Qa5 32. Bd2 Qb6 33. c5 Qf6 34. Re2 Rad8 35. Bc3 Rxd7 36. Qxd7 Rd8 37. Qg4 h5 38. Qe4 Qe6 39. b4 Qb3 40. Kh2 Re8 41. f4 Rf8 42. fxe5 Rf1 43. e6 Bxc3 44. e7 Be1 45. Rxe1 1-0

[Event "Czech Juniors Girls 2024"]
[Site "Jaromerice nad Rokytnou"]
[Date "2024.03.10"]
[Round "1.3"]
[White "Markina, Sofiia"]
[Black "Petirova, Iva"]
[Result "1-0"]
[ECO "B12"]
[WhiteElo "1857"]
[BlackElo "1846"]
[Annotator "NA"]
[PlyCount "77"]
[EventDate "2024.03.10"]
[EventType "tourn"]
[EventCountry "CZE"]
[SourceTitle "playchess.com"]
[Source "ChessBase"]
[SourceQuality "1"]
[WhiteTeam "Czech Republic"]
[BlackTeam "Czech Republic"]
[WhiteTeamCountry "CZE"]
[BlackTeamCountry "CZE"]
[TimeControl "40/5400+30:1800+30"]

1. e4 c6 2. d4 d5 3. e5 Bf5 4. h4 h5 5. Bd3 Bxd3 6. Qxd3 Qa5+ 7. Nd2 e6 8. Ngf3 Nh6 9. O-O Nf5 10. c4 Be7 11. g3 O-O 12. Re1 Rd8 13. b3 c5 14. cxd5 Rxd5 15. Nc4 Qa6 16. Qe4 cxd4 17. g4 hxg4 18. Qxg4 Nc6 19. Bg5 d3 20. Ne3 Nxe3 21. Rxe3 d2 22. Rd1 Rad8 23. Bf6 Bxf6 24. exf6 g6 25. Qf4 Qa3 26. Rxe6 fxe6 27. Qh6 Qf8 28. Qxg6+ Kh8 29. Ng5 Rxg5+ 30. hxg5 Rd7 31. Kg2 Rh7 32. Qe4 Qd6 33. f4 Nb4 34. g6 Rh6 35. Kf3 Nxa2 36. f7 Kg7 37. Rxd2 Qc6 38. Qxc6 bxc6 39. Rd8 1-0

[Event "Czech Juniors Girls 2024"]
[Site "Jaromerice nad Rokytnou"]
[Date "2024.03.10"]
[Round "1.4"]
[White "Sulcova, Tereza Radmila"]
[Black "Zelbova, Lada"]
[Result "1/2-1/2"]
[ECO "A06"]
[WhiteElo "1835"]
[BlackElo "1954"]
[Annotator "RC"]
[PlyCount "86"]
[EventDate "2024.03.10"]
[EventType "tourn"]
[EventCountry "CZE"]
[SourceTitle "playchess.com"]
[Source "ChessBase"]
[SourceQuality "1"]
[WhiteTeam "Czech Republic"]
[BlackTeam "Czech Republic"]
[WhiteTeamCountry "CZE"]
[BlackTeamCountry "CZE"]
[TimeControl "40/5400+30:1800+30"]

1. b3 d5 2. Bb2 Nf6 3. Nf3 g6 4. Bxf6 exf6 5. d4 Bg7 6. g3 O-O 7. Bg2 Be6 8. O-O Nd7 9. Nbd2 f5 10. Rc1 c6 11. e3 g5 12. c4 Qf6 13. Ne1 Rac8 14. Nd3 Bh6 15. f4 g4 16. c5 Qe7 17. b4 f6 18. Re1 Nb8 19. Nb3 Bd7 20. a4 Kh8 21. Na5 Be6 22. Qd2 Qc7 23. Rc2 Nd7 24. b5 Rfe8 25. Kf2 Bf8 26. Rb1 Rb8 27. bxc6 bxc6 28. Rcb2 Rxb2 29. Rxb2 Rb8 30. Rxb8 Nxb8 31. Bf1 Bc8 32. Ne1 Be7 33. Nb3 Qb7 34. Na5 Qc7 35. Bd3 Na6 36. Nb3 Bd8 37. Ng2 Qb7 38. Qd1 Nb4 39. Bb1 Qa6 40. Nc1 Be6 41. Nh4 Qc8 42. Nd3 Na6 43. Bc2 Nc7 1/2-1/2

[Event "Czech Juniors Girls 2024"]
[Site "Jaromerice nad Rokytnou"]
[Date "2024.03.10"]
[Round "1.5"]
[White "Jakubse, Tamae Severina"]
[Black "Nespora, Tatana"]
[Result "1/2-1/2"]
[ECO "B22"]
[WhiteElo "1861"]
[BlackElo "1839"]
[Annotator "NA"]
[PlyCount "63"]
[EventDate "2024.03.10"]
[EventType "tourn"]
[EventCountry "CZE"]
[SourceTitle "playchess.com"]
[Source "ChessBase"]
[SourceQuality "1"]
[WhiteTeam "Czech Republic"]
[BlackTeam "Czech Republic"]
[WhiteTeamCountry "CZE"]
[BlackTeamCountry "CZE"]
[TimeControl "40/5400+30:1800+30"]

1. e4 c5 2. c3 d5 3. exd5 Qxd5 4. d4 cxd4 5. cxd4 e5 6. Nf3 exd4 7. Qxd4 Nf6 8. Nc3 Qxd4 9. Nxd4 Bc5 10. Ndb5 Na6 11. Bc4 O-O 12. O-O Bf5 13. Bg5 Ne4 14. Nxe4 Bxe4 15. Rfe1 Rfe8 16. a3 Rac8 17. Rac1 h6 18. Bh4 Bc6 19. b4 Bxb5 20. Bxb5 Rxe1+ 21. Rxe1 Bd4 22. h3 Bb2 23. Re3 Nc7 24. Bd7 Ra8 25. Bg3 Nd5 26. Rd3 Nf6 27. Ba4 Ne4 28. Bd1 Nxg3 29. fxg3 Rc8 30. Bf3 b6 31. Bb7 Rc7 32. Kf2 1/2-1/2

[Event "Czech Juniors Girls 2024"]
[Site "Jaromerice nad Rokytnou"]
[Date "2024.03.10"]
[Round "2.1"]
[White "Trasakova, Adela"]
[Black "Nespora, Tatana"]
[Result "1-0"]
[ECO "A87"]
[WhiteElo "1935"]
[BlackElo "1839"]
[Annotator "RC"]
[PlyCount "117"]
[EventDate "2024.03.10"]
[EventType "tourn"]
[EventCountry "CZE"]
[SourceTitle "playchess.com"]
[Source "ChessBase"]
[SourceQuality "1"]
[WhiteTeam "Czech Republic"]
[BlackTeam "Czech Republic"]
[WhiteTeamCountry "CZE"]
[BlackTeamCountry "CZE"]
[TimeControl "40/5400+30:1800+30"]

1. d4 f5 2. Nf3 Nf6 3. g3 d6 4. Bg2 g6 5. O-O Bg7 6. b3 O-O 7. Bb2 Qe8 8. c4 h6 9. Nbd2 Na6 10. a3 c6 11. Qc2 Nh5 12. e4 e5 13. dxe5 dxe5 14. c5 Nf6 15. b4 Nc7 16. Rfe1 f4 17. Nc4 Nd7 18. Rad1 fxg3 19. hxg3 Nb5 20. Qd3 Nd4 21. Nxd4 exd4 22. Bxd4 Ne5 23. Nxe5 Bxe5 24. Bxe5 Qxe5 25. Qd6 Qg5 26. Qd2 Qh5 27. Qa2+ Kh7 28. e5 Bg4 29. Rd6 Rae8 30. e6 Qg5 31. Qb2 Re7 32. Qd4 Rfe8 33. f4 Qf5 34. Rd7 h5 35. Be4 Qf8 36. Qd3 Bf5 37. Bxf5 Qxf5 38. Qd6 Qf6 39. Re5 Kg8 40. Rd8 Kh7 41. Rxe8 Rxe8 42. e7 Qf7 43. Kg2 Qa2+ 44. Kh3 Qb1 45. Kh4 Qb3 46. Rg5 Qb1 47. Re5 Qb3 48. Qe6 Qxe6 49. Rxe6 Kh6 50. f5 Kh7 51. fxg6+ Kg7 52. Kxh5 b6 53. Kg5 bxc5 54. bxc5 a5 55. Rf6 Rxe7 56. Rf7+ Rxf7 57. gxf7 Kxf7 58. Kf5 a4 59. Ke5 1-0

[Event "Czech Juniors Girls 2024"]
[Site "Jaromerice nad Rokytnou"]
[Date "2024.03.10"]
[Round "2.2"]
[White "Zelbova, Lada"]
[Black "Jakubse, Tamae Severina"]
[Result "1-0"]
[ECO "D00"]
[WhiteElo "1954"]
[BlackElo "1861"]
[Annotator "RC"]
[PlyCount "61"]
[EventDate "2024.03.10"]
[EventType "tourn"]
[EventCountry "CZE"]
[SourceTitle "playchess.com"]
[Source "ChessBase"]
[SourceQuality "1"]
[WhiteTeam "Czech Republic"]
[BlackTeam "Czech Republic"]
[WhiteTeamCountry "CZE"]
[BlackTeamCountry "CZE"]
[TimeControl "40/5400+30:1800+30"]

1. d4 Nf6 2. Nf3 g6 3. Nc3 d5 4. Bf4 Bg7 5. e3 O-O 6. Nb5 Na6 7. h3 Ne4 8. Bd3 c6 9. Nc3 Nxc3 10. bxc3 c5 11. Bxa6 bxa6 12. O-O Qa5 13. Qd2 Bf5 14. g4 Bd7 15. Rfd1 Rac8 16. Ne1 h5 17. f3 hxg4 18. hxg4 Ba4 19. Nd3 cxd4 20. cxd4 Rc3 21. Rac1 Rfc8 22. Bg3 Qb5 23. Nc5 Qc4 24. Be1 Rxc2 25. Rxc2 Qxc2 26. Qxc2 Bxc2 27. Rd2 Rxc5 28. dxc5 Bb1 29. c6 Be5 30. Rxd5 Bd6 31. Rxd6 1-0

[Event "Czech Juniors Girls 2024"]
[Site "Jaromerice nad Rokytnou"]
[Date "2024.03.10"]
[Round "2.3"]
[White "Petirova, Iva"]
[Black "Sulcova, Tereza Radmila"]
[Result "0-1"]
[ECO "B00"]
[WhiteElo "1846"]
[BlackElo "1835"]
[Annotator "NA"]
[PlyCount "68"]
[EventDate "2024.03.10"]
[EventType "tourn"]
[EventCountry "CZE"]
[SourceTitle "playchess.com"]
[Source "ChessBase"]
[SourceQuality "1"]
[WhiteTeam "Czech Republic"]
[BlackTeam "Czech Republic"]
[WhiteTeamCountry "CZE"]
[BlackTeamCountry "CZE"]
[TimeControl "40/5400+30:1800+30"]

1. e4 b6 2. d4 Bb7 3. Bd3 e6 4. Nf3 c5 5. c3 Nf6 6. Bg5 Be7 7. Nbd2 d6 8. Qe2 Nbd7 9. a4 a6 10. O-O h6 11. Bxf6 Nxf6 12. Rfe1 O-O 13. Rac1 Qc7 14. Rc2 $11 Rfc8 15. b4 Bf8 16. e5 Nd7 17. bxc5 bxc5 18. Nc4 d5 19. Nd6 Bxd6 20. exd6 Qxd6 21. Rb2 Rab8 22. Reb1 Bc6 23. Bxa6 Rxb2 24. Rxb2 Ra8 25. Bb5 Bxb5 26. Qxb5 c4 27. Qb4 Qa6 28. h4 Qxa4 29. Qxa4 Rxa4 30. Rb7 Nf6 31. Ne5 Ra1+ 32. Kh2 Rc1 33. g4 g6 34. Rxf7 Nxg4+ 0-1

[Event "Czech Juniors Girls 2024"]
[Site "Jaromerice nad Rokytnou"]
[Date "2024.03.10"]
[Round "2.4"]
[White "Voriskova, Anna"]
[Black "Markina, Sofiia"]
[Result "0-1"]
[ECO "B15"]
[WhiteElo "1999"]
[BlackElo "1857"]
[Annotator "RC"]
[PlyCount "60"]
[EventDate "2024.03.10"]
[EventType "tourn"]
[EventCountry "CZE"]
[SourceTitle "playchess.com"]
[Source "ChessBase"]
[SourceQuality "1"]
[WhiteTeam "Czech Republic"]
[BlackTeam "Czech Republic"]
[WhiteTeamCountry "CZE"]
[BlackTeamCountry "CZE"]
[TimeControl "40/5400+30:1800+30"]

1. e4 c6 2. d4 d5 3. Nc3 dxe4 4. Nxe4 Nf6 5. Nxf6+ exf6 6. c3 Bd6 7. Bd3 O-O 8. Qc2 Re8+ 9. Ne2 h5 10. O-O Nd7 11. Be3 Nf8 12. Rfe1 Qc7 13. h3 Be6 14. c4 Qd7 15. Bf4 Rad8 16. Rad1 g6 17. Bxd6 Qxd6 18. a3 h4 19. b4 Nh7 20. Nc3 Ng5 21. Bxg6 Bxh3 22. Bf5 Bxg2 23. Kxg2 Qf4 24. Rxe8+ Rxe8 25. Qd3 Kh8 26. Rg1 Nf3 27. Ne2 Rg8+ 28. Kf1 Rxg1+ 29. Nxg1 Qc1+ 30. Kg2 Ne1+ 0-1

[Event "Czech Juniors Girls 2024"]
[Site "Jaromerice nad Rokytnou"]
[Date "2024.03.10"]
[Round "2.5"]
[White "Fizerova, Lucie"]
[Black "Nagyova, Daniela"]
[Result "0-1"]
[ECO "C58"]
[WhiteElo "1886"]
[BlackElo "1927"]
[Annotator "NA RC"]
[PlyCount "108"]
[EventDate "2024.03.10"]
[EventType "tourn"]
[EventCountry "CZE"]
[SourceTitle "playchess.com"]
[Source "ChessBase"]
[SourceQuality "1"]
[WhiteTeam "Czech Republic"]
[BlackTeam "Czech Republic"]
[WhiteTeamCountry "CZE"]
[BlackTeamCountry "CZE"]
[TimeControl "40/5400+30:1800+30"]

1. e4 e5 2. Nf3 Nc6 3. Bc4 Nf6 4. Ng5 d5 5. exd5 Na5 6. Bb5+ Bd7 7. Qe2 Be7 8. Nf3 {[%emt 0:03:12] C58: Two Knights: 4 Ng5 d5 5 exd5 Na5 sidelines.} O-O {[%emt 0:15:55] 8...Nxd5 is the fancy move.} 9. Bxd7 {[%emt 0:01:55] 9.Nxe5 is not played anymore.} Qxd7 10. Nxe5 Qxd5 11. O-O Bd6 12. Nf3 Rfe8 13. Qd1 Qh5 $146 ({Predecessor:} 13... c5 14. d3 Nc6 15. Bg5 Ng4 16. Nc3 Qf5 17. Ne4 Bc7 18. h3 Nge5 19. Nh4 Qc8 20. Nxc5 {½-½ Cuenca Jimenez,J (2558)-Romanishin,O (2415) Menorca op 1st 2022 (4)}) 14. Nc3 Ng4 15. h3 Ne5 16. Nd4 Qg6 17. Ndb5 Rad8 18. Nxd6 Rxd6 ({Black should play} 18... Qxd6 19. d3 c5) 19. d3 Nac6 20. Bf4 Nd4 21. Bg3 h5 22. Kh1 Nf5 23. Ne4 Rd5 24. Qc1 h4 25. Bh2 Nd4 26. Nc3 Rd7 27. Re1 f6 28. Re4 Qf5 29. Qd2 Qh5 30. Rae1 Ndf3 31. gxf3 Qxf3+ 32. Kg1 Qxh3 33. Bxe5 Rxe5 34. Qe3 $4 (34. Rxe5 $18 {was the only winning move.} Qg4+ 35. Kh2 fxe5 36. Rxe5) 34... Rg5+ 35. Qxg5 fxg5 36. R1e3 Qf5 37. Kg2 Rf7 38. Nd1 g4 39. Re8+ Kh7 40. R8e5 h3+ 41. Kh1 Qf6 42. Rh5+ Kg6 43. Rhe5 Qc6+ 44. R5e4 Re7 45. Nc3 $19 Rxe4 46. Rxe4 Qb6 47. Rxg4+ Kh5 48. Rxg7 Qxb2 49. Rxc7 Qc1+ 50. Nd1 Qxd1+ 51. Kh2 Qf1 52. Rh7+ Kg6 53. Rxh3 Qxf2+ 54. Kh1 Qxc2 0-1

[Event "Czech Juniors Girls 2024"]
[Site "Jaromerice nad Rokytnou"]
[Date "2024.03.11"]
[Round "3.1"]
[White "Nagyova, Daniela"]
[Black "Trasakova, Adela"]
[Result "1/2-1/2"]
[ECO "B12"]
[WhiteElo "1927"]
[BlackElo "1935"]
[Annotator "RC"]
[PlyCount "60"]
[EventDate "2024.03.10"]
[EventType "tourn"]
[EventCountry "CZE"]
[SourceTitle "playchess.com"]
[Source "ChessBase"]
[SourceQuality "1"]
[WhiteTeam "Czech Republic"]
[BlackTeam "Czech Republic"]
[WhiteTeamCountry "CZE"]
[BlackTeamCountry "CZE"]
[TimeControl "40/5400+30:1800+30"]

1. e4 c6 2. d4 d5 3. e5 Bf5 4. c4 e6 5. Nc3 h6 6. h4 Ne7 7. g4 Bh7 8. f4 Nd7 9. Nf3 dxc4 10. Bxc4 Nb6 11. Bd3 Bxd3 12. Qxd3 Ned5 13. h5 Be7 14. a3 Nxc3 15. bxc3 c5 16. Be3 c4 17. Qb1 Qd5 18. Kf2 Na4 19. Bd2 b5 20. Ke3 a6 21. Qe4 Qxe4+ 22. Kxe4 Kd7 23. f5 Kc6 24. Ne1 Nb6 25. Nc2 Nd5 26. Rh3 a5 27. Rb1 Rab8 28. Rf3 Rhg8 29. Rb2 Rh8 30. Rb1 Rhg8 1/2-1/2

[Event "Czech Juniors Girls 2024"]
[Site "Jaromerice nad Rokytnou"]
[Date "2024.03.11"]
[Round "3.2"]
[White "Markina, Sofiia"]
[Black "Fizerova, Lucie"]
[Result "1/2-1/2"]
[ECO "C07"]
[WhiteElo "1857"]
[BlackElo "1886"]
[Annotator "NA RC"]
[PlyCount "62"]
[EventDate "2024.03.10"]
[EventType "tourn"]
[EventCountry "CZE"]
[SourceTitle "playchess.com"]
[Source "ChessBase"]
[SourceQuality "1"]
[WhiteTeam "Czech Republic"]
[BlackTeam "Czech Republic"]
[WhiteTeamCountry "CZE"]
[BlackTeamCountry "CZE"]
[TimeControl "40/5400+30:1800+30"]

1. e4 e6 2. d4 d5 3. Nd2 c5 4. exd5 Qxd5 5. Ngf3 cxd4 6. Bc4 Qd6 7. O-O Nf6 8. Nb3 Nc6 9. Nbxd4 Nxd4 10. Nxd4 Be7 11. c3 O-O 12. Qf3 Qc7 13. Bd3 {[%emt 0:01:55] C07: French Tarrasch: 3...c5, 4 Ngf3 and 4 exd5 Qxd5.} Bd7 14. Re1 Rfd8 15. Bg5 Qc5 16. Bh4 b5 17. b4 Qd5 18. Qxd5 Nxd5 19. Bxe7 Nxe7 20. Nxb5 Bxb5 21. Bxb5 Rab8 (21... Rdc8 $11 {keeps the balance.}) 22. a4 Nd5 23. Rec1 Rbc8 24. f3 Rxc3 25. Rxc3 Nxc3 26. Rc1 $11 Nxb5 27. axb5 g6 28. Rc7 Rd4 29. Rxa7 Rxb4 30. Rb7 Rb2 31. h3 h5 1/2-1/2

[Event "Czech Juniors Girls 2024"]
[Site "Jaromerice nad Rokytnou"]
[Date "2024.03.11"]
[Round "3.3"]
[White "Sulcova, Tereza Radmila"]
[Black "Voriskova, Anna"]
[Result "0-1"]
[ECO "A01"]
[WhiteElo "1835"]
[BlackElo "1999"]
[Annotator "RC"]
[PlyCount "88"]
[EventDate "2024.03.10"]
[EventType "tourn"]
[EventCountry "CZE"]
[SourceTitle "playchess.com"]
[Source "ChessBase"]
[SourceQuality "1"]
[WhiteTeam "Czech Republic"]
[BlackTeam "Czech Republic"]
[WhiteTeamCountry "CZE"]
[BlackTeamCountry "CZE"]
[TimeControl "40/5400+30:1800+30"]

1. b3 e5 2. Bb2 Nc6 3. e3 Nf6 4. Bb5 Bd6 5. Na3 Na5 6. d4 exd4 7. Qxd4 Qe7 8. Nb1 Nc6 9. Bxc6 dxc6 10. Nf3 Bf5 11. O-O O-O 12. c4 Rfd8 13. Qc3 Be4 14. a3 Bxf3 15. gxf3 Re8 16. f4 Qd7 17. Nd2 Rad8 18. Rad1 Qh3 19. c5 Bxf4 20. exf4 Rd3 21. Qxd3 Qxd3 22. f3 h6 23. Bxf6 gxf6 24. Ne4 Qe3+ 25. Rf2 Qxf4 26. Rd7 Kf8 27. Rd3 f5 28. Nd2 Re1+ 29. Nf1 Qg5+ 30. Rg2 Qc1 31. Rf2 Qxc5 32. f4 Re2 33. Rd8+ Ke7 34. Rd2 Rxf2 35. Rxf2 Qxa3 36. Ng3 Qc5 37. Kf1 Qb5+ 38. Re2+ Kf8 39. Kf2 Qc5+ 40. Kf3 Qd5+ 41. Kf2 Qxb3 42. Nxf5 Qb4 43. Kf3 a5 44. Re3 Qd2 0-1

[Event "Czech Juniors Girls 2024"]
[Site "Jaromerice nad Rokytnou"]
[Date "2024.03.11"]
[Round "3.4"]
[White "Jakubse, Tamae Severina"]
[Black "Petirova, Iva"]
[Result "1-0"]
[ECO "B13"]
[WhiteElo "1861"]
[BlackElo "1846"]
[Annotator "NA RC"]
[PlyCount "105"]
[EventDate "2024.03.10"]
[EventType "tourn"]
[EventCountry "CZE"]
[SourceTitle "playchess.com"]
[Source "ChessBase"]
[SourceQuality "1"]
[WhiteTeam "Czech Republic"]
[BlackTeam "Czech Republic"]
[WhiteTeamCountry "CZE"]
[BlackTeamCountry "CZE"]
[TimeControl "40/5400+30:1800+30"]

1. e4 c6 2. d4 d5 3. exd5 cxd5 4. c4 Nf6 5. Nc3 Nc6 6. Nf3 Be6 {[%emt 0:04:19] 6...a6 wird zur Hauptvariante.} 7. Qb3 {[%emt 0:01:49] B13: Caro-Kann (Abtausch-Variante 4.c4).} Na5 8. Qb5+ Bd7 9. cxd5 e6 10. Qd3 $146 ({Predecessor:} 10. Qe2 $14 {was preferrable.} Be7 11. dxe6 Bxe6 12. Qd1 O-O 13. Be2 Rc8 14. O-O Nd5 15. Bd2 Nc4 16. Bxc4 Rxc4 {0-1 Weishaeutel,M (2387)-Kukhmazov,A (2498) Titled Tuesday intern op 16th Jan Early blitz 2024 (3)}) 10... Nxd5 11. Nxd5 exd5 12. Be2 Nc6 13. O-O Be7 14. Bf4 Nb4 15. Qb3 a5 $1 16. a3 a4 17. Qd1 Nc6 18. Qd3 h5 19. Ne5 Nxe5 20. dxe5 Bg5 21. Bxg5 Qxg5 22. Qxd5 Bc6 23. Bb5 O-O 24. Bxc6 bxc6 25. Qe4 Rab8 26. f4 ({Besser ist} 26. Rab1) 26... Qg4 27. Rab1 Rb3 28. Qxa4 Rfb8 29. Qxc6 h4 30. Kh1 (30. Qe4 $142) 30... Rd8 31. Qc2 Rbd3 (31... h3 {might work better.} 32. gxh3 (32. Qxb3 $2 Qxg2#) 32... Qxh3 (32... Rxh3 $2 {is the wrong capture.} 33. Qg2 $18)) 32. h3 Qd7 33. Rf2 Rc8 34. Qe2 Qd5 35. Kh2 Rc6 36. Rbf1 Rg6 37. f5 Rg5 38. e6 Qd6+ 39. Kh1 Rgg3 40. exf7+ Kxf7 41. Qe6+ Qxe6 42. fxe6+ Kxe6 43. Rf3 Rd2 44. Rxg3 hxg3 45. Rb1 Kd5 46. Kg1 Kc4 $18 47. b4 Ra2 48. b5 Rxa3 49. b6 Ra8 50. Kf1 Kd4 51. Ke2 Ke4 52. b7 Rb8 53. Rb4+ 1-0

[Event "Czech Juniors Girls 2024"]
[Site "Jaromerice nad Rokytnou"]
[Date "2024.03.11"]
[Round "3.5"]
[White "Nespora, Tatana"]
[Black "Zelbova, Lada"]
[Result "0-1"]
[ECO "B80"]
[WhiteElo "1839"]
[BlackElo "1954"]
[Annotator "ChessBase"]
[PlyCount "80"]
[EventDate "2024.03.10"]
[EventType "tourn"]
[EventCountry "CZE"]
[SourceTitle "playchess.com"]
[Source "ChessBase"]
[SourceQuality "1"]
[WhiteTeam "Czech Republic"]
[BlackTeam "Czech Republic"]
[WhiteTeamCountry "CZE"]
[BlackTeamCountry "CZE"]
[TimeControl "40/5400+30:1800+30"]

1. e4 c5 2. Nf3 d6 3. d4 cxd4 4. Nxd4 Nf6 5. Nc3 a6 6. g3 e6 7. Bg2 Be7 8. O-O O-O 9. h3 Qc7 10. Be3 Nc6 11. Qd2 Bd7 12. a4 Rac8 13. Nxc6 Bxc6 14. Rfd1 b6 15. Qe2 Qb7 16. Bf4 Rfd8 17. Rd3 d5 18. exd5 exd5 19. Rad1 Bb4 20. b3 Re8 21. Qf1 Bxc3 22. Rxc3 d4 23. Rxc6 Rxc6 24. Bxc6 Qxc6 25. Qd3 Qd5 26. Qxa6 g5 27. Qxb6 Qf3 28. Qxd4 gxf4 29. Qd3 Qh5 30. gxf4 Kh8 31. Rc1 Rg8+ 32. Kf1 h6 33. Qc3 Qg6 34. Qg3 Qe4 35. Qc3 Qxf4 36. Re1 Qg5 37. Qg3 Qd5 38. Qd3 Qh1+ 39. Ke2 Re8+ 40. Kd1 Qxe1# 0-1

[Event "Czech Juniors Girls 2024"]
[Site "Jaromerice nad Rokytnou"]
[Date "2024.03.12"]
[Round "4.1"]
[White "Trasakova, Adela"]
[Black "Zelbova, Lada"]
[Result "1/2-1/2"]
[ECO "D35"]
[WhiteElo "1935"]
[BlackElo "1954"]
[Annotator "RC"]
[PlyCount "80"]
[EventDate "2024.03.10"]
[EventType "tourn"]
[EventCountry "CZE"]
[SourceTitle "playchess.com"]
[Source "ChessBase"]
[SourceQuality "1"]
[WhiteTeam "Czech Republic"]
[BlackTeam "Czech Republic"]
[WhiteTeamCountry "CZE"]
[BlackTeamCountry "CZE"]
[TimeControl "40/5400+30:1800+30"]

1. d4 Nf6 2. Nf3 d5 3. c4 e6 4. cxd5 exd5 5. Nc3 c6 6. Qc2 Bd6 7. Bg5 Be6 8. e3 Nbd7 9. Bd3 h6 10. Bh4 O-O 11. O-O Qc7 12. Bg3 Bxg3 13. hxg3 Qd6 14. b4 b5 15. a3 Nb6 16. Nd2 a5 17. Qb2 Nc4 18. Bxc4 dxc4 19. Nce4 Nxe4 20. Nxe4 Qe7 21. Nc5 a4 22. Rfe1 Qf6 23. Rad1 h5 24. e4 Rad8 25. Qc3 Bg4 26. f3 Be6 27. Qe3 Qg6 28. Kf2 f5 29. e5 Rb8 30. Qf4 Kf7 31. Ne4 Rh8 32. Rh1 Ke8 33. Nd6+ Kd7 34. Rhe1 Qh6 35. Qxh6 Rxh6 36. Rh1 Kc7 37. Ke3 g5 38. Rh2 Kb6 39. Re1 Rbh8 40. Reh1 R6h7 1/2-1/2

[Event "Czech Juniors Girls 2024"]
[Site "Jaromerice nad Rokytnou"]
[Date "2024.03.12"]
[Round "4.2"]
[White "Petirova, Iva"]
[Black "Nespora, Tatana"]
[Result "0-1"]
[ECO "B33"]
[WhiteElo "1846"]
[BlackElo "1839"]
[Annotator "NA RC"]
[PlyCount "94"]
[EventDate "2024.03.10"]
[EventType "tourn"]
[EventCountry "CZE"]
[SourceTitle "playchess.com"]
[Source "ChessBase"]
[SourceQuality "1"]
[WhiteTeam "Czech Republic"]
[BlackTeam "Czech Republic"]
[WhiteTeamCountry "CZE"]
[BlackTeamCountry "CZE"]
[TimeControl "40/5400+30:1800+30"]

1. e4 c5 2. Nf3 Nc6 3. d4 cxd4 4. Nxd4 Nf6 5. Nc3 e5 6. Ndb5 d6 7. Bg5 a6 8. Na3 b5 9. Bxf6 gxf6 10. Nd5 f5 11. Bxb5 {[%emt 0:01:01] 11.g3 wird zur Hauptvariante.} axb5 12. Nxb5 Ra4 13. b4 {[%emt 0:00:37] B33: Sizilianisch (Lasker/Pelikan/Sweschnikow-Variante).} Rxb4 14. Nbc7+ Kd7 15. O-O {[%emt 0:01:23] [#]} (15. exf5 $2 {too greedy.} Rd4 (15... Rb7 $2 16. Qh5 $19) 16. Qe2 Rxd5 17. Nxd5 Nd4 $19) 15... h5 $1 16. Qf3 $146 (16. exf5 $2 {is the wrong capture.} Rb7 17. Qd3 Rxc7 $19) ({Predecessor:} 16. Nxb4 Nxb4 17. Rb1 Qxc7 18. Rxb4 Qc5 19. c3 f4 20. Qb3 Be7 21. Rb1 Rf8 22. Qa4+ Ke6 23. Rc4 Qxc4 24. Qxc4+ Kf6 25. a4 Be6 26. Qe2 Kg5 27. Rb7 {1-0 Agardi,N (2151)-Hovanecz,L (2017) HUN-chT2 Erkel 1415 2014 (9.5)}) 16... Nd4 17. Qh3 {[%emt 0:10:27] [#]} Rb7 $1 18. c3 Ne2+ 19. Kh1 Qg5 (19... Rxc7 $142 20. Qxf5+ Kc6) 20. Qd3 Nf4 21. Nxf4 Qxf4 22. Nd5 fxe4 23. Qh3+ Kd8 24. Nxf4 Bxh3 25. Nxh3 Be7 26. f4 exf3 27. Rxf3 Ke8 28. a4 Ra7 29. c4 f6 30. Nf2 Kd7 31. Ne4 Ke6 32. Nc3 Rc7 33. a5 (33. Nd5 $142 Rxc4 34. Nxe7 Kxe7 35. a5) 33... Rxc4 34. a6 Ra8 35. Kg1 d5 36. Nb5 d4 37. a7 e4 38. Ra6+ Kf7 39. Rfxf6+ Bxf6 40. Nd6+ Ke7 41. Nxc4 d3 42. Kf1 Bd4 $19 43. Nd2 e3 44. Nf3 e2+ 45. Ke1 Bc3+ 46. Nd2 Rf8 47. g3 Rf1# 0-1